 Dungeon Crawl Stone Soup version 0.29.1-13-g9f3cf754e1 (webtiles) character file.

Game seed: 6833235540621856786

7617 Exodus22XD the Cleaver (level 10, -13/91 HPs)
             Began as a Minotaur Fighter on Feb 5, 2023.
             Was a Believer of the Shining One.
             Mangled by a two-headed ogre
             ... wielding a +0 giant club
              (22 damage)
             ... on level 10 of the Dungeon.
             The game lasted 00:11:23 (11281 turns).

Exodus22XD the Cleaver (Minotaur Fighter)          Turns: 11281, Time: 00:11:23

Health: -13/91     AC: 15    Str: 32    XL:     10   Next: 98%
Magic:  11/11      EV:  9    Int:  5    God:    the Shining One [**....]
Gold:   425        SH:  5    Dex:  9    Spells: 9/9 levels left

rFire   + . .      SeeInvis .   a - +0 war axe
rCold   . . .      Faith    .   c - +0 buckler
rNeg    + . .      Spirit   .   I - +0 chain mail
rPois   .          Reflect  .   (helmet restricted)
rElec   .          Harm     .   (no cloak)
rCorr   .          Rampage  .   (no gloves)
Will    +....                   E - +2 pair of boots "Mudiu" {Will+}
Stlth   ..........              t - amulet of the acrobat
HPRegen 0.25/turn               g - ring of protection from fire
MPRegen 0.12/turn               d - +6 ring of strength

@: glowing
A: horns 2, retaliatory headbutt
a: Renounce Religion, Divine Shield


You were on level 10 of the Dungeon.
You worshipped the Shining One.
The Shining One was pleased with you.
You visited 2 branches of the dungeon, and saw 11 of its levels.

You collected 425 gold pieces.

Inventory:

Hand Weapons
 a - a +0 war axe (weapon)
 u - a +2 flail of protection
Missiles
 C - 5 javelins (quivered)
Armour
 c - a +0 buckler (worn)
 p - a +0 kite shield
 E - the +2 pair of boots "Mudiu" (worn) {Will+}
   (You found it on level 6 of the Dungeon)

   Will:      It increases your willpower.
 I - a +0 chain mail (worn)
Jewellery
 d - a +6 ring of strength (right hand)
 g - a ring of protection from fire (left hand)
 t - an amulet of the acrobat (around neck)
 A - a ring of magical power
 G - a ring of fire
Wands
 i - a wand of mindburst (7)
Scrolls
 e - 3 scrolls of enchant weapon
 j - 3 scrolls of teleportation
 k - 2 scrolls of fear
 m - 3 scrolls of vulnerability
 n - a scroll of silence
 o - 2 scrolls of butterflies
 q - 2 scrolls of torment {unknown}
 r - 3 scrolls of poison {unknown}
 s - a scroll of magic mapping {unknown}
 y - 2 scrolls of immolation {unknown}
 z - 2 scrolls of noise {unknown}
 B - 2 scrolls of amnesia {unknown}
 H - a scroll of enchant armour {unknown}
Potions
 b - a potion of invisibility {unknown}
 f - a potion of heal wounds
 h - 3 potions of flight
 l - 2 potions of attraction
 v - a potion of resistance {unknown}
 w - 3 potions of curing {unknown}
 x - 2 potions of brilliance {unknown}
 D - 3 potions of magic {unknown}
 F - 3 potions of lignification {unknown}


   Skills:
 + Level 9.6 Fighting
 + Level 13.5 Axes
 + Level 10.8 Armour
 + Level 6.8 Shields
 * Level 2.7 Invocations


You had 9 spell levels left.
You didn't know any spells.
Your spell library was empty.

Dungeon Overview and Level Annotations

Branches:
Dungeon (10/15)            Temple (1/1) D:6            Lair (0/5) D:9
    Orc: D:9-12

Altars:
Ashenzari
Cheibriados
Dithmenos
Elyvilon
Fedhas
Gozag
Hepliaklqana
Kikubaaqudgha
Makhleb
Nemelex Xobeh
Okawaru
Qazlal
Ru
Sif Muna
Trog
Vehumet
Wu Jian
Xom
Zin
The Shining One

Shops:
D:8 ?

Annotations:
D:7 3 runed translucent doors, daba11's ghost, novice MiBe; laros's ghost, novice MiBe; qipq's ghost, novice OpSu
D:10 2 runed translucent doors, Exodus22XD's ghost, journeyman MiFi


Innate Abilities, Weirdness & Mutations

You have a pair of horns on your head.
You reflexively headbutt those who attack you in melee.


Message History

The two-headed ogre shouts in stereo!
There is an open door here.
There are monsters nearby!
The wyvern completely misses you.
You hit the two-headed ogre. You headbutt the two-headed ogre.
The two-headed ogre is lightly wounded.
You slash the wyvern! The wyvern bites you.
The two-headed ogre hits you with a +0 giant club!!
The two-headed ogre hits you with a +0 giant spiked club!
You barely miss the wyvern. Your headbutt misses the wyvern.
The wyvern is heavily wounded.
You hit the two-headed ogre. The wyvern bites you!
You are too injured to fight recklessly!
You are too injured to fight recklessly!
Unknown command.
You completely miss the two-headed ogre.
The two-headed ogre is lightly wounded.
You barely miss the wyvern. The wyvern barely misses you.
The two-headed ogre hits you with a +0 giant club!
* * * LOW HITPOINT WARNING * * *
The two-headed ogre hits you with a +0 giant spiked club!
* * * LOW HITPOINT WARNING * * *
You hit the two-headed ogre. You headbutt the two-headed ogre!
The two-headed ogre is heavily wounded.
You hit the wyvern.
The wyvern bites you but does no damage.
You block the wyvern's attack.
You hit the two-headed ogre.
The two-headed ogre is heavily wounded.
You slash the wyvern!
You kill the wyvern!
The two-headed ogre hits you with a +0 giant club!
* * * LOW HITPOINT WARNING * * *
The two-headed ogre hits you but does no damage.
You hit the two-headed ogre but do no damage.
The two-headed ogre is heavily wounded.
You slash the two-headed ogre!
The two-headed ogre is severely wounded.
The two-headed ogre hits you with a +0 giant club!!
You die...

######### ######........
###....'........
#.....##@.!.....
#.....##.O......
###.....##........
#.'.....##.....$..
#######'#.....##........
..............##........
.........#######........
.........###############
...................#


You could see a two-headed ogre.

Vanquished Creatures
  Erica (D:10)
  Grinder (D:6)
  2 wyverns
  10 yaks
  Eustachio (D:6)
  A steam dragon (D:8)
  An acid dragon (D:8)
  5 water moccasins
  2 orc warriors (D:9)
  An ice beast (D:6)
  3 black bears (D:4)
  2 sky beasts (D:6)
  An ogre (D:6)
  3 centaurs
  2 kobold brigands
  2 phantoms
  6 bullfrogs
  3 gnoll sergeants
  2 scorpions (D:4)
  9 wights (D:6)
  6 killer bees (D:7)
  4 howler monkeys
  A crimson imp (D:6)
  3 hounds
  An orc priest (D:8)
  2 gnoll boudas
  4 jellies
  9 orc wizards
  6 iguanas
  Robin (D:3)
  15 adders
  29 gnolls
  A shadow imp (D:7)
  A white imp (D:6)
  An ufetubus (D:5)
  A worm (D:5)
  A dart slug (D:5)
  23 orcs
  4 ball pythons
  2 endoplasms (D:4)
  A giant cockroach (D:3)
  17 goblins
  4 hobgoblins
  12 kobolds
  2 quokkas
  7 bats
  4 frilled lizards
  5 rats
225 creatures vanquished.

Vanquished Creatures (others)
  50 fungi (D:9)
  48 plants
  4 withered plants (D:7)
102 creatures vanquished.

Grand Total: 327 creatures vanquished

Notes
Turn   | Place    | Note
-------+----------+-------------------------------------------
     0 | D:1      | Exodus22XD the Minotaur Fighter began the quest for the
                  | Orb.
     0 | D:1      | Reached XP level 1. HP: 19/19 MP: 0/0
   412 | D:1      | Reached XP level 2. HP: 27/27 MP: 1/1
   918 | D:1      | You fall into a shaft and drop 1 floor!
  1074 | D:2      | Reached XP level 3. HP: 27/33 MP: 2/2
  1177 | D:2      | Reached skill level 3 in Axes
  1755 | D:3      | Noticed Robin
  1762 | D:3      | Reached XP level 4. HP: 33/40 MP: 3/3
  1766 | D:3      | Killed Robin
  1907 | D:3      | You fall into a shaft and drop 1 floor!
  1962 | D:4      | Reached skill level 4 in Axes
  2075 | D:4      | Noticed a black bear
  2084 | D:4      | Killed a black bear
  2085 | D:4      | Reached skill level 5 in Armour
  2085 | D:4      | Reached XP level 5. HP: 33/47 MP: 4/4
  2091 | D:4      | Reached skill level 5 in Axes
  2381 | D:4      | Reached XP level 6. HP: 46/53 MP: 5/5
  2563 | D:4      | Found a sacrificial altar of Ru.
  2579 | D:4      | Found a blossoming altar of Fedhas.
  2587 | D:4      | Reached skill level 5 in Fighting
  2588 | D:4      | Found an opulent altar of Gozag.
  2690 | D:4      | Reached skill level 6 in Axes
  2709 | D:4      | Reached XP level 7. HP: 44/61 MP: 6/6
  2842 | D:4      | Found a bloodstained altar of Trog.
  2971 | D:3      | Found a shimmering blue altar of Sif Muna.
  3300 | D:3      | Found a hazy altar of Hepliaklqana.
  3984 | D:5      | Entered Level 5 of the Dungeon
  4009 | D:5      | Reached skill level 7 in Axes
  4202 | D:5      | Reached skill level 5 in Shields
  4459 | D:5      | Reached XP level 8. HP: 67/70 MP: 7/7
  4527 | D:5      | Found a shadowy altar of Dithmenos.
  4745 | D:6      | Reached skill level 8 in Axes
  5325 | D:6      | Noticed Eustachio
  5351 | D:6      | Killed Eustachio
  5352 | D:6      | Reached skill level 9 in Axes
  5356 | D:6      | Identified the +2 pair of boots "Mudiu" {Will+}
  5479 | D:6      | Found a staircase to the Ecumenical Temple.
  5496 | Temple   | Entered the Ecumenical Temple
  5785 | Temple   | Became a worshipper of the Shining One
  5814 | D:6      | Found an ornate altar of the Wu Jian Council.
  6126 | D:6      | Reached XP level 9. HP: 78/78 MP: 8/8
  6195 | D:6      | Noticed Grinder
  6203 | D:6      | Reached skill level 10 in Axes
  6684 | D:6      | Killed Grinder
  7148 | D:7      | Reached * piety under the Shining One
  7150 | D:7      | Reached skill level 11 in Axes
  8203 | D:7      | Noticed qipq's ghost (novice OpSu)
  8266 | D:7      | Found a runed translucent gate.
  8266 | D:7      | Found a runed translucent gate.
  8266 | D:7      | Found a runed translucent gate.
  8268 | D:7      | Noticed laros's ghost (novice MiBe)
  8269 | D:7      | Noticed daba11's ghost (novice MiBe)
  8491 | D:8      | Found Huhaqait's Magic Scroll Shoppe.
  8604 | D:8      | Reached XP level 10. HP: 89/89 MP: 9/9
  9089 | D:9      | Reached skill level 12 in Axes
  9715 | D:9      | Found a staircase to the Lair.
  9723 | D:9      | Reached skill level 10 in Armour
 10184 | D:9      | Reached skill level 1 in Invocations
 10191 | D:9      | Reached skill level 13 in Axes
 10672 | D:10     | Entered Level 10 of the Dungeon
 10878 | D:10     | Noticed Erica
 10896 | D:10     | Killed Erica
 11195 | D:10     | Found a large runed translucent door.
 11196 | D:10     | Found a large runed translucent door.
 11214 | D:10     | Noticed Exodus22XD's ghost (journeyman MiFi)
 11214 | D:10     | Reached ** piety under the Shining One
 11273 | D:10     | Noticed a two-headed ogre
 11281 | D:10     | Mangled by a two-headed ogre

Illustrated notes

Levels and vault maps discovered:
D:1:      dpeg_arrival_morbid_curiosity, layout_loops_ring, patterned_corridor
D:2:      layout_basic
D:3:      layout_basic, amcnicky_altar_gilded, kennysheep_orc_sif_temple,
          uniq_robin
D:4:      minmay_recursive_quarters, layout_gridville, trog_ov_bears_minmay,
          gammafunk_temple_overflow_forgotten
D:5:      nicolae_cairo_tiling_large, layout_rooms, kennysheep_mini_moat,
          serial_glass, glass_columns_a, glass_columns_a, due_unseen_surprise,
          feat_on_display, minmay_strange_pillars
D:6:      layout_layer_cave, overflow_temple_1_default,
          minmay_temple_entry_tees, minmay_door_square, minmay_fire_ice_demons,
          uniq_eustachio, uniq_grinder
D:7:      layout_rooms, gammafunk_ghost_cemetery, nicolae_zen_rock_garden
D:8:      layout_loops_ring, serial_shops, shop, serial_bayou_crossing
D:9:      layout_grid_maze, due_lair_maze_entry_diamond
D:10:     layout_basic, ebering_ghost_disaster_area,
          chequers_serial_rivers_large_b, uniq_erica
Temple:   nicolae_temple_great_sept

Skill      XL: |  1  2  3  4  5  6  7  8  9 10 |
---------------+-------------------------------+-----
Armour         | 4 5 6 7 8 9 10 | 10.8
Fighting       | 4 5 6 8 9 |  9.6
Shields        | 4 5 6 |  6.8
Axes           | 3 4 5 6 7 9 11 13 | 13.5
Invocations    | 2 |  2.7

Action                   |  1- 3 |  4- 6 |  7- 9 | 10-12 || total
-------------------------+-------+-------+-------+-------++-------
Melee: War axe           |    70 |    58 |   279 |   111 ||   518
       Headbutt          |     5 |    11 |    60 |    25 ||   101
  Use: Potion            |     1 |       |     3 |       ||     4
       Scroll            |       |       |    11 |     1 ||    12
Armor: Scale mail        |    31 |    41 |   117 |     9 ||   198
       Chain mail        |       |       |       |    28 ||    28
Dodge: Dodged            |    35 |    37 |   185 |    48 ||   305
Block: Buckler           |    19 |    11 |    62 |    23 ||   115
